 Dungeon Crawl Stone Soup version 0.21-a0-137-g951aa02 (webtiles) character file.

485 Cecillian the Bolt Thrower (level 7, -2/44 HPs)
             Began as a Kobold Hunter on July 17, 2017.
             Was a Follower of Okawaru.
             Slain by HobsGoblin's ghost (5 damage)
             ... on level 4 of the Dungeon on July 18, 2017.
             The game lasted 00:16:23 (6608 turns).

Cecillian the Bolt Thrower (Kobold Hunter)          Turns: 6608, Time: 00:16:23

Health: -2/44      AC:  5    Str: 10    XL:     7   Next: 35%
Magic:  7/7        EV:  9    Int: 13    God:    Okawaru [*.....]
Gold:   184        SH:  0    Dex: 16    Spells: 6/6 levels left

rFire    . . .     SeeInvis .   v - +2 rapier (drain)
rCold    . . .     Gourm    .   (shield restricted)
rNeg     . . .     Faith    .   q - +0 leather armour
rPois    .         Spirit   .   s - +0 helmet
rElec    .         Reflect  .   (no cloak)
rCorr    .         Harm     .   e - +0 pair of gloves
MR       .....                  (no boots)
Stlth    +.........             (no amulet)
HPRegen  0.14/turn              m - ring of wizardry
MPRegen  0.10/turn              (no ring)

@: lethally poisoned (-2 -> -5), afraid, petrifying, very slightly contaminated,
hasted and slowed, glowing, drained, very slow
A: carnivore 3
a: Heroism, Renounce Religion


You were on level 4 of the Dungeon.
You worshipped Okawaru.
Okawaru was aware of your devotion.
You were very full.

You visited 2 branches of the dungeon, and saw 5 of its levels.

You collected 184 gold pieces.

Inventory:

Hand Weapons
 a - a +1 hand crossbow
 b - a +1 short sword of freezing
 v - a +2 rapier of draining (weapon)
Missiles
 d - 34 bolts
 g - 92 stones (quivered)
 o - 6 sling bullets
 t - 12 poisoned needles
Armour
 e - a +0 pair of gloves (worn)
 i - a +0 ring mail
 q - a +0 leather armour (worn)
 s - a +0 helmet (worn)
Jewellery
 m - a ring of wizardry (left hand)
Wands
 p - a wand of polymorph (8/24)
Scrolls
 j - 3 scrolls of remove curse
 w - a scroll of immolation
Potions
 h - a potion of flight
 n - a potion of might
 r - 4 potions of lignification
 x - a potion of ambrosia {unknown}
Comestibles
 f - 3 meat rations
 l - 2 royal jellies
 u - 2 chunks of flesh


   Skills:
 + Level 4.9(4.6) Fighting
 + Level 2.1(1.8) Short Blades
 + Level 7.0(6.7) Crossbows
 - Level 5.1(4.8) Dodging
 - Level 1.3(1.1) Stealth


You had 6 spell levels left.
You didn't know any spells.

Dungeon Overview and Level Annotations

Branches:
Dungeon (4/15)             Temple (1/1) D:4

Altars:
Dithmenos
Elyvilon
Fedhas
Gozag
Kikubaaqudgha
Okawaru
Sif Muna
Trog
Uskayaw
Xom
Yredelemnul
Zin
The Shining One

Annotations:
D:2 1 runed door
D:4 HobsGoblin's ghost, amateur SpAM


Innate Abilities, Weirdness & Mutations

You are small and have problems with some larger weapons.
You are carnivorous and can eat meat at any time.


Message History

HobsGoblin's ghost completely misses you.
HobsGoblin's ghost hits you.
* * * LOW HITPOINT WARNING * * *
You are poisoned.
You feel sick.
HobsGoblin's ghost gestures at you while chanting.
You are outlined in light.
Unknown command.
Press: ? - help, v - describe, . - travel
Here: HobsGoblin's ghost, wielding a weapon of chaos (inspiring fear)
The floor, spattered with blood.
Unknown command.
You feel sick. HobsGoblin's ghost misses you. HobsGoblin's ghost hits you.
* * * LOW HITPOINT WARNING * * *
You are slowing down.
You feel yourself speed up.
* * * LOW HITPOINT WARNING * * *
You feel sick. HobsGoblin's ghost hits you!
You die...

#.# #.[).#####.# #.....
#.# #....# #.# ######
#### #....# #.# # ##..##
##.#.# #.############# #
#....# #.#.#
#.............# #
#_.⌠.## #.#.#
#############.# #
#.....# #.#.# #.# #
*#....###.#.############
#.# #
,#⌠...'.#.......@W.....#
#.# #
*#....#....[##########.#
#.### #.....#...### #.#
##..(. #_.⌠.####.# ###.#
##...## #....#§##.#
#...# ##.....#
##..##§##.# #.###
#.[..... ,#####§##.# #.#
#....... ,**,*#§##.# #.#
#....... ,**,*#§##.####
#.# ##.....#


You could see HobsGoblin's ghost.

Vanquished Creatures
  2 scorpions (D:4)
  Dowan (D:4)
  A crimson imp (D:4)
  A hound (D:4)
  Ijyb (D:4)
  A worker ant (D:4)
  A gnoll (D:1)
  2 river rats
  9 adders
  A shadow imp (D:3)
  An ooze (D:2)
  An adder skeleton (D:4)
  2 worms
  2 dart slugs
  A leopard gecko (D:3)
  6 orcs
  12 bats
  2 giant cockroaches (D:3)
  10 goblins
  7 hobgoblins
  2 jackals (D:4)
  6 quokkas
  3 ball pythons
  4 frilled lizards
  6 kobolds
  14 rats
99 creatures vanquished.

Notes
Turn   | Place    | Note
-------+----------+-------------------------------------------
     0 | D:1      | Cecillian the Kobold Hunter began the quest for the Orb.
     0 | D:1      | Reached XP level 1. HP: 12/12 MP: 1/1
   244 | D:1      | Reached XP level 2. HP: 15/18 MP: 2/2
   375 | D:1      | Reached skill level 5 in Crossbows
   463 | D:1      | Reached XP level 3. HP: 12/22 MP: 3/3
   697 | D:1      | Found a glowing silver altar of Zin.
   699 | D:1      | Found a shimmering altar of Xom.
   699 | D:1      | Found a hazy altar of Hepliaklqana.
   701 | D:1      | Found an ancient bone altar of Kikubaaqudgha.
   701 | D:1      | Found an ancient bone altar of Kikubaaqudgha.
   701 | D:1      | Found a blossoming altar of Fedhas.
  1026 | D:2      | Found a shadowy altar of Dithmenos.
  1103 | D:2      | Found a deep blue altar of Sif Muna.
  1155 | D:2      | Noticed a hand axe
  1155 | D:2      | Noticed a hand axe
  1156 | D:2      | Found a hide-covered altar of Uskayaw.
  1189 | D:2      | Reached XP level 4. HP: 18/28 MP: 4/4
  1444 | D:2      | Found a runed door.
  2996 | D:3      | Reached XP level 5. HP: 31/32 MP: 5/5
  3698 | D:3      | Found a faded altar of an unknown god.
  4414 | D:2      | Reached skill level 6 in Crossbows
  4414 | D:2      | Reached XP level 6. HP: 38/38 MP: 6/6
  5037 | D:4      | Found a staircase to the Ecumenical Temple.
  5046 | Temple   | Entered the Ecumenical Temple
  5052 | Temple   | Became a worshipper of Warmaster Okawaru
  5092 | D:4      | Reached skill level 5 in Dodging
  5447 | D:4      | Noticed Ijyb
  5518 | D:4      | Upgraded the game from 0.21-a0-135-g8dc100c to 0.21-a0-137-g951aa02
  5923 | D:4      | Killed Ijyb
  6008 | D:4      | Reached skill level 1 in Short Blades
  6008 | D:4      | Reached XP level 7. HP: 5/44 MP: 7/7
  6393 | D:4      | Noticed Duvessa
  6393 | D:4      | Noticed Dowan
  6431 | D:4      | Killed Dowan
  6482 | D:4      | Noticed Duvessa
  6482 | D:4      | Duvessa changed into Duvessa the hound
  6486 | D:4      | Killed Duvessa the hound
  6486 | D:4      | Reached * piety under Okawaru
  6486 | D:4      | Reached skill level 7 in Crossbows
  6525 | D:4      | Noticed HobsGoblin's ghost (amateur SpAM)
  6537 | D:4      | Found a bloodstained altar of Trog.
  6538 | D:4      | Found a glowing golden altar of the Shining One.
  6590 | D:4      | Paralysed by HobsGoblin's ghost for 4 turns
  6608 | D:4      | Slain by HobsGoblin's ghost

Vault maps used:
D:1:      dpeg_arrival_arbitrary_a, doesnt_xom_only_xom
D:2:      dancing_weapons_uskayaw, lemuel_doored_altar,
          grunt_dithmenos_smoke_and_mirrors, uniq_crazy_yiuf_cottage
D:3:      portal_sewer_entry_b, chequers_ecumenical_altar_grove
D:4:      gammafunk_temple_overflow_pools, minmay_temple_entry_poolview,
          uniq_ijyb, uniq_duvessa
Temple:   eino_temple_rhombus

Skill      XL: |  1  2  3  4  5  6  7 |
---------------+----------------------+-----
Crossbows      | 5 6 7 |  7.0
Fighting       | 3 4 |  4.9
Dodging        | 3 4 5 |  5.1
Short Blades   | 1 2 |  2.1
Stealth        | |  1.3

Action                   |  1- 3 |  4- 6 |  7- 9 || total
-------------------------+-------+-------+-------++-------
Melee: Short sword       |   131 |   219 |       ||   350
       Unarmed           |       |    27 |       ||    27
       Rapier            |       |       |     2 ||     2
 Fire: Hand crossbow     |     9 |    95 |     6 ||   110
Evoke: Wand              |       |       |     4 ||     4
  Use: Scroll            |       |    11 |     1 ||    12
       Potion            |       |     2 |     1 ||     3
 Stab: Sleeping          |       |     4 |       ||     4
       Distracted        |       |     1 |       ||     1
  Eat: Chunk             |     9 |    16 |     1 ||    26
Armor: Leather armour    |    37 |    63 |     5 ||   105
Dodge: Dodged            |   135 |   259 |    13 ||   407
